 Dungeon Crawl Stone Soup version 0.31-a0-1321-g5021b54cb2 (webtiles) character file.

Game seed: 15088836526113688235

2454 quinnr the Zephyrmancer (level 9, -5/50 HPs)
             Began as a Tengu Air Elementalist on Dec 20, 2023.
             Was a Believer of Vehumet.
             Slain by a killer bee (8 damage)
             ... on level 7 of the Dungeon.
             The game lasted 00:15:20 (7877 turns).

quinnr the Zephyrmancer (Tengu Air Elementalist)    Turns: 7877, Time: 00:15:21

Health: -5/50      AC:  4    Str:  8    XL:     9   Next: 50%
Magic:  10/15      EV: 16    Int: 21    God:    Vehumet [**....]
Gold:   245        SH:  4    Dex: 14    Spells: 3/14 levels left

rFire   . . .        o - +5 dagger "Xerghiypeof" {flame, rCorr}
rCold   + . .        m - +0 buckler
rNeg    + . .        x - +1 leather armour of the Salmon {rC+}
rPois   .            (helmet restricted)
rElec   .            (no cloak)
rCorr   +            (no gloves)
SInv    .            (boots unavailable)
Will    .....        (no amulet)
Stlth   ++           N - ring of positive energy
HPRegen 0.28/turn    L - ring of flight
MPRegen 0.14/turn

%: acrobat
@: flying
A: beak, talons 3, evasive flight, acrobatic
a: Renounce Religion


You were on level 7 of the Dungeon.
You worshipped Vehumet.
Vehumet was pleased with you.
You visited 2 branches of the dungeon, and saw 8 of its levels.

You collected 303 gold pieces.
You spent 58 gold pieces at shops.


Innate Abilities, Weirdness & Mutations

You have a beak for a mouth.
You have claws for feet.
Your magical flight helps you evade attacks. (EV +4)
You can magically evade attacks while moving or waiting.


   Skills:
 - Level 3.0 Fighting
 + Level 3.0 Armour
 - Level 5.0 Dodging
 - Level 2.0 Stealth
 + Level 3.4 Spellcasting
 + Level 6.4 Conjurations
 + Level 2.0 Ice Magic
 + Level 9.0 Air Magic
 - Level 5.0 Alchemy
 + Level 2.7 Evocations


You had 3 spell levels left.
You knew the following spells:

 Your Spells              Type           Power      Damage    Failure   Level
f - Freezing Cloud        Conj/Ice/Air   14%        6-21      58%         5
m - Mephitic Cloud        Conj/Alch/Air  32%        N/A       5%          3
z - Shock                 Conj/Air       100%       1d9       1%          1
X - Mercury Vapours       Alch/Air       64%        N/A       2%          2

Your spell library contained the following spells:

 Spells                   Type           Power      Damage    Failure   Level
 Kiss of Death            Conj/Necr      68%        2d10      8%          1
 Static Discharge         Conj/Air       72%        3-6/arc   1%          2
 Swiftness                Air            41%        N/A       2%          3
 Call Imp                 Summ           6%         N/A       41%         2
 Sublimation of Blood     Necr           3%         N/A       41%         2
 Call Canine Familiar     Summ           3%         N/A       65%         3
 Inner Flame              Hex/Fire       3%         N/A       65%         3
 Sigil of Binding         Hex            3%         N/A       65%         3
 Airstrike                Air            20%        2d(3-19)  7%          4
 Flame Wave               Conj/Fire      17%        2d7       61%         4
 Sticky Flame             Fire/Alch      14%        2d5       71%         4
 Dimensional Bullseye     Hex/Tloc       1%         N/A       96%         4
 Summon Hydra             Summ           1%         N/A       100%        7

Inventory:

Hand Weapons
 c - a +0 hand axe of electrocution
 o - the +5 dagger "Xerghiypeof" (weapon) {flame, rCorr}
   (You found it on level 3 of the Dungeon)

   rCorr:     It protects you from acid and corrosion.
 w - the +0 whip of Wariness {drain, Int+6}
   (You found it on level 6 of the Dungeon)

   Int+6:     It affects your intelligence (+6).
Armour
 a - a +0 robe
 m - a +0 buckler (worn)
 x - the +1 leather armour of the Salmon (worn) {rC+}
   (You found it on level 6 of the Dungeon)

   rC+:       It protects you from cold.
Jewellery
 L - a ring of flight (right hand)
 N - a ring of positive energy (left hand)
Wands
 n - a wand of roots (10)
 s - a wand of flame (21)
 u - a wand of polymorph (8)
 y - a wand of charming (9)
Scrolls
 d - a scroll of blinking {unknown}
 f - a scroll of poison
 h - a scroll of noise {unknown}
 j - 2 scrolls of identify {@r1}
 k - a scroll of fear {unknown}
 l - a scroll of teleportation {unknown}
 q - a scroll of immolation {unknown}
 r - a scroll of torment {unknown}
 v - 2 scrolls of vulnerability {unknown}
Potions
 b - 2 potions of magic
 e - a potion of attraction {unknown}
 g - 2 potions of curing {unknown}
 i - a potion of mutation
 p - a potion of resistance
 t - a potion of might

Dungeon Overview and Level Annotations

Branches:
Dungeon (7/15)             Temple (1/1) D:4

Altars:
Ashenzari
Elyvilon
Fedhas
Gozag
Hepliaklqana
Kikubaaqudgha
Makhleb
Nemelex Xobeh
Okawaru
Qazlal
Ru
Sif Muna
Trog
Uskayaw
Vehumet
Wu Jian
Xom
Yredelemnul
Zin
The Shining One

Shops:
D:1 *   D:5 ((*[[*   D:7 *

Annotations:
D:4 digvault
D:7 Dowan, Duvessa

................#
#...............#
#..............#
#..............#
#.............#
#.........5..#
#####.......5....#
##................###
##.....#........@....#
#..### #.......yy...##
...#####>...........#
#..).......#.......#..#
#.)).......##.....#.....
#.#########.........###.
#.# #........## .†#
##......## ..# ###...##


You could see 2 killer bees and 2 ufetubi.


Message History

Press: ? - help, Dir - move target, p - water moccasin Fall back!
You feel very sick.
You feel very sick.
You feel sick.
You feel sick.
A killer bee comes into view.
You feel sick.
You feel sick.
The killer bee buzzes angrily. x2
You feel sick.
You feel sick.
You feel sick.
You feel sick.
You are no longer poisoned.
The killer bee misses you.
An ufetubus comes into view.
The killer bee attacks as it pursues you!
You block the killer bee's attack. The killer bee completely misses you.
The killer bee barely misses you.
An ufetubus comes into view.
You block the killer bee's attack. The killer bee completely misses you.
The ufetubus shouts! x2
The killer bee stings you.
* * * LOW HITPOINT WARNING * * *
The killer bee completely misses you. You block the killer bee's attack.
There is a stone staircase leading up here.
The killer bee barely misses you. The killer bee misses you.
The killer bee stings you!
You die...

Skill      XL: |  1  2  3  4  5  6  7  8  9 |
---------------+----------------------------+-----
Air Magic      | 5 6 7 8 9 |  9.0
Conjurations   | 2 3 5 6 |  6.4
Alchemy        | 1 2 5 |  5.0
Fighting       | 1 3 |  3.0
Dodging        | 5 |  5.0
Armour         | 1 3 |  3.0
Evocations     | 1 2 |  2.7
Ice Magic      | 2 |  2.0
Spellcasting   | 3 |  3.4
Stealth        | |  2.0

Action                     |  1- 3 |  4- 6 |  7- 9 || total
---------------------------+-------+-------+-------++-------
  Melee: Dagger            |       |    11 |     7 ||    18
         Kick              |       |     6 |     1 ||     7
         Peck              |       |     3 |       ||     3
   Cast: Shock             |    76 |    77 |   117 ||   270
         Mercury Vapours   |       |    18 |    48 ||    66
         Mephitic Cloud    |       |     1 |     1 ||     2
  Evoke: Wand              |       |       |    12 ||    12
    Use: Scroll            |     1 |       |     3 ||     4
 Armour: Robe              |     2 |    24 |     7 ||    33
         Leather armour    |       |       |    30 ||    30
  Dodge: Dodged            |     4 |    32 |   111 ||   147
  Block: Buckler           |       |     8 |    25 ||    33

Levels and vault maps discovered:
D:1:      zelgadis_glass_arrival_small, layout_loops_ring, serial_shops,
          shop_fountains, shapermc_ecumenical_altar_rom_forum, grunt_decor_cap,
          hex_tiny
D:2:      layout_basic
D:3:      layout_rooms, mainiacjoe_overflow_boulevard,
          hangedman_abyss_or_decor_lesser_grid
D:4:      layout_loops_corners, nemelex_diamond_rough_becter,
          mainiacjoe_overflow_cross_hatched, zin_scriptorium,
          minmay_temple_entry_large_hall
D:5:      layout_loops_corners, nicolae_shop_national_dungeon_mall,
          dreamdust_mushroom_princess, uniq_grinder
D:6:      layout_loops_ring, mainiacjoe_overflow_concentric_impassable,
          uniq_menkaure
D:7:      layout_layer_cave, minmay_shop_mass, roderic_roman_lattice,
          minmay_misc_feat_alley, uniq_crazy_yiuf_cottage, uniq_maurice,
          uniq_duvessa
Temple:   nicolae_temple_superstar

Notes
Turn   | Place    | Note
-------+----------+-------------------------------------------
     0 | D:1      | quinnr the Tengu Air Elementalist began the quest for the
                  | Orb.
     0 | D:1      | Reached XP level 1. HP: 10/10 MP: 4/4
   156 | D:1      | Found Laaffius's General Store.
   352 | D:1      | Reached XP level 2. HP: 15/15 MP: 0/6
   471 | D:1      | Found a faded altar of an unknown god.
   696 | D:1      | Reached skill level 5 in Air Magic
  1152 | D:2      | Reached skill level 2 in Conjurations
  1152 | D:2      | Reached XP level 3. HP: 19/19 MP: 3/7
  1156 | D:2      | Learned a level 3 spell: Mephitic Cloud
  1159 | D:2      | Learned a level 2 spell: Mercury Vapours
  1420 | D:2      | Identified the +0 robe "Hithurghu" {+Inv rN+ Int+3 Dex-4}
  1725 | D:2      | Reached XP level 4. HP: 24/24 MP: 4/8
  2298 | D:3      | Reached skill level 6 in Air Magic
  2438 | D:3      | Found a blossoming altar of Fedhas.
  2476 | D:3      | Reached skill level 1 in Alchemy
  2636 | D:3      | Identified the +5 dagger "Xerghiypeof" {flame, rCorr}
  3049 | D:4      | Found a staircase to the Ecumenical Temple.
  3083 | D:4      | Reached XP level 5. HP: 13/28 MP: 5/9
  3084 | D:4      | Reached skill level 3 in Conjurations
  3090 | D:4      | HP: 2/28 [poisoned by a gnoll]
  3491 | D:5      | Entered Level 5 of the Dungeon
  3569 | D:4      | Found a sparkling altar of Nemelex Xobeh.
  3684 | D:4      | Found a basalt altar of Yredelemnul.
  3931 | D:4      | Found a glowing silver altar of Zin.
  4170 | Temple   | Entered the Ecumenical Temple
  4182 | Temple   | Became a worshipper of Vehumet
  4266 | D:5      | Noticed a centaur
  4277 | D:5      | Killed a centaur
  4278 | D:5      | Reached skill level 7 in Air Magic
  4278 | D:5      | Reached skill level 2 in Alchemy
  4278 | D:5      | Reached XP level 6. HP: 20/32 MP: 4/10
  4411 | D:5      | Noticed a sky beast
  4423 | D:5      | Killed a sky beast
  4424 | D:5      | Reached skill level 4 in Conjurations
  4844 | D:5      | Found Acsyjuv's Antique Weapon Boutique.
  4845 | D:5      | Found Ymaeckil's Antique Armour Shop.
  4848 | D:5      | Found Sakut's Antique Weapon Shop.
  4848 | D:5      | Found Toh Hoaq's Assorted Antiques.
  4851 | D:5      | Found Ereaps's General Store.
  4851 | D:5      | Found Sikhi's Antique Armour Shop.
  4851 | D:5      | Noticed Grinder
  4864 | D:5      | Reached skill level 5 in Conjurations
  4864 | D:5      | Reached skill level 8 in Air Magic
  4864 | D:5      | Gained mutation: Your magical flight helps you evade
                  | attacks. (EV +4) [Tengu growth]
  4864 | D:5      | Reached XP level 7. HP: 25/36 MP: 6/11
  4960 | D:5      | Identified a potion of resistance
  4999 | D:5      | Paralysed by Grinder for 3 turns
  5008 | D:5      | Killed Grinder
  5009 | D:5      | Reached skill level 4 in Alchemy
  5063 | D:5      | Bought a scroll of identify for 58 gold pieces
  5479 | D:5      | Reached skill level 5 in Alchemy
  5479 | D:5      | Reached skill level 1 in Fighting
  5479 | D:5      | Reached XP level 8. HP: 26/43 MP: 2/12
  5751 | D:6      | Reached skill level 2 in Fighting
  5866 | D:6      | Reached * piety under Vehumet
  5866 | D:6      | Offered knowledge of Sandblast by Vehumet.
  6038 | D:6      | Reached skill level 3 in Fighting
  6048 | D:6      | Reached skill level 3 in Dodging
  6158 | D:6      | Identified the +0 whip of Wariness {drain, Int+6}
  6208 | D:6      | Found a broken altar of Ashenzari.
  6282 | D:6      | Noticed Menkaure
  6288 | D:6      | Killed Menkaure
  6289 | D:6      | Reached skill level 4 in Dodging
  6320 | D:6      | Reached skill level 5 in Dodging
  6472 | D:6      | Identified the +1 leather armour of the Salmon {rC+}
  6808 | D:6      | Reached skill level 1 in Armour
  6808 | D:6      | Reached skill level 1 in Evocations
  7046 | D:6      | Learned a level 5 spell: Freezing Cloud
  7211 | D:6      | Reached XP level 9. HP: 50/50 MP: 3/13
  7368 | D:7      | Reached skill level 2 in Armour
  7373 | D:7      | Reached skill level 1 in Ice Magic
  7374 | D:7      | Reached skill level 2 in Evocations
  7376 | D:7      | Reached skill level 3 in Spellcasting
  7440 | D:7      | Reached skill level 6 in Conjurations
  7573 | D:7      | Noticed Duvessa
  7573 | D:7      | Noticed Dowan
  7577 | D:7      | Found Ungir Guish's Mass Market.
  7677 | D:7      | Reached ** piety under Vehumet
  7677 | D:7      | Offered knowledge of Kiss of Death by Vehumet.
  7857 | D:7      | Reached skill level 3 in Armour
  7857 | D:7      | Reached skill level 2 in Ice Magic
  7857 | D:7      | Reached skill level 9 in Air Magic
  7876 | D:7      | HP: 3/50 [killer bee (6)]
  7877 | D:7      | Slain by a killer bee

Vanquished Creatures
  Grinder (D:5)
  Menkaure (D:6)
  3 ogres
  2 sky beasts
  2 centaurs
  A bullfrog (D:7)
  A gnoll sergeant (D:5)
  A scorpion (D:6)
  5 wights (D:7)
  9 killer bees (D:7)
  A jelly (D:7)
  3 orc priests
  A gnoll bouda (D:6)
  2 hounds (D:6)
  4 iguanas
  3 orc wizards
  11 adders
  15 gnolls
  2 ufetubi (D:6)
  3 worms
  3 dart slugs
  9 orcs
  5 ball pythons
  6 endoplasms
  4 giant cockroaches
  5 goblins
  6 hobgoblins
  6 jackals
  4 kobolds
  2 quokkas
  3 bats
  3 frilled lizards (D:1)
  3 rats
130 creatures vanquished.

Table legend: (Time is in decaauts)
 A = Elapsed time spent in this place.
 B = Non-inter-level travel time spent in this place.
 C = Inter-level travel time spent in this place.
 D = Time resting spent in this place.
 E = Time spent auto-exploring this place.
 F = Levels seen in this place.
 G = Mean time per level.
                   A        B        C        D        E       F      G
               +--------+--------+--------+--------+--------+-----+--------+
         Total |   7884 |   7473 |    411 |    382 |   5873 |   8 |  985.5 |
       Dungeon |   7860 |   7461 |    399 |    382 |   5873 |   7 | 1122.9 |
        Temple |     23 |     12 |     11 |      0 |      0 |   1 |   23.0 |
               +--------+--------+--------+--------+--------+-----+--------+

Top non-repeatable levels by time:
     D:6: 1544 daAuts
     D:4: 1477 daAuts
     D:5: 1398 daAuts
     D:2: 1180 daAuts
     D:1: 1105 daAuts
     D:7: 594 daAuts
     D:3: 559 daAuts
  Temple: 23 daAuts

Table legend:
 A = Non-vault XP
 B = Vault XP
 C = Vault XP percentage of total XP
 D = Non-vault monster count
 E = Vault monster count
 F = Vault count percentage of total count
                 A         B        C        D         E       F
            +---------+---------+-------+---------+---------+-------
      Total |    3072 |     434 |  12.4 |     128 |       2 |   1.5
            +---------+---------+-------+---------+---------+-------
        D:1 |      30 |       0 |   0.0 |      17 |       0 |   0.0
        D:2 |      77 |       0 |   0.0 |      17 |       0 |   0.0
        D:3 |      29 |       0 |   0.0 |      11 |       0 |   0.0
        D:4 |     131 |       0 |   0.0 |      18 |       0 |   0.0
        D:5 |     693 |     262 |  27.4 |      14 |       1 |   6.7
        D:6 |     821 |     172 |  17.3 |      28 |       1 |   3.4
        D:7 |    1291 |       0 |   0.0 |      23 |       0 |   0.0
            +---------+---------+-------+---------+---------+-------

Levels and vault maps discovered:
D:1:      zelgadis_glass_arrival_small, layout_loops_ring, serial_shops,
          shop_fountains, shapermc_ecumenical_altar_rom_forum, grunt_decor_cap,
          hex_tiny
D:2:      layout_basic
D:3:      layout_rooms, mainiacjoe_overflow_boulevard,
          hangedman_abyss_or_decor_lesser_grid
D:4:      layout_loops_corners, nemelex_diamond_rough_becter,
          mainiacjoe_overflow_cross_hatched, zin_scriptorium,
          minmay_temple_entry_large_hall
D:5:      layout_loops_corners, nicolae_shop_national_dungeon_mall,
          dreamdust_mushroom_princess, uniq_grinder
D:6:      layout_loops_ring, mainiacjoe_overflow_concentric_impassable,
          uniq_menkaure
D:7:      layout_layer_cave, minmay_shop_mass, roderic_roman_lattice,
          minmay_misc_feat_alley, uniq_crazy_yiuf_cottage, uniq_maurice,
          uniq_duvessa
Temple:   nicolae_temple_superstar
